 Dungeon Crawl Stone Soup version 0.27-a0-203-gd48b2df3c9 (webtiles) character file.

Game seed: 13437897717803893124

5731 hatsuma the Slicer (level 11, -5/62 HPs)
             Began as a Kobold Enchanter on Jan 30, 2021.
             Was a Believer of Ashenzari.
             Slain by an orc warrior (19 damage)
             ... in a bailey on Jan 31, 2021.
             The game lasted 01:24:35 (9803 turns).

hatsuma the Slicer (Kobold Enchanter)               Turns: 9803, Time: 01:24:35

Health: -5/62      AC:  7    Str:  6    XL:     11   Next: 5%
Magic:  5/14       EV: 26    Int: 17    God:    Ashenzari [**....]
Gold:   469        SH: 13    Dex: 18    Spells: 2/14 levels left

rFire    + . .     SeeInvis .   a - +2 short sword (venom)
rCold    + . .     Faith    .   w - +2 buckler (curse)
rNeg     . . .     Spirit   .   H - +2 robe {rC+ rF+}
rPois    .         Reflect  +   (no helmet)
rElec    .         Harm     .   s - +1 cloak
rCorr    .         Rampage  .   p - +0 pair of gloves
Will     .....                  (no boots)
Stlth    +++.......             q - amulet of reflection
HPRegen  0.20/turn              i - +4 ring of evasion
MPRegen  0.14/turn              j - +4 ring of evasion

@: very slow
A: small, nightstalker 3
a: Renounce Religion, Curse Item, Scrying


You were in a bailey.
You worshipped Ashenzari.
Ashenzari was pleased with you.
You visited 1 branch of the dungeon, and saw 8 of its levels.
You also visited: Bailey.

You collected 469 gold pieces.

Inventory:

Hand Weapons
 a - a +2 short sword of venom (weapon)
 l - a +1 dagger
Missiles
 b - 2 boomerangs of dispersal
 o - 28 poisoned darts
 x - 8 boomerangs (quivered)
Armour
 p - a +0 pair of gloves (worn)
 s - a +1 cloak (worn)
 w - a cursed +2 buckler (worn)
 H - a +2 robe of resistance (worn)
Jewellery
 i - a +4 ring of evasion (left hand)
 j - a +4 ring of evasion (right hand)
 q - an amulet of reflection (around neck)
Wands
 m - a wand of acid (9)
 r - a wand of random effects (19)
Scrolls
 g - 8 scrolls of remove curse
 h - 3 scrolls of magic mapping
 k - 2 scrolls of fear {unknown}
 t - 6 scrolls of enchant weapon
 y - 2 scrolls of noise {unknown}
 B - a scroll of amnesia {unknown}
 C - a scroll of fog {unknown}
 E - a scroll of summoning {unknown}
Potions
 c - 2 potions of lignification {unknown}
 d - a potion of ambrosia {unknown}
 f - 4 potions of curing
 n - a potion of heal wounds {unknown}
 u - a potion of invisibility {unknown}
 v - 4 potions of flight
 z - a potion of resistance {unknown}
 A - 2 potions of attraction {unknown}
 F - 2 potions of mutation {unknown}
 G - 2 potions of degeneration {unknown}


   Skills:
 + Level 4.6 Fighting
 - Level 12.3 Short Blades
 - Level 4.0 Throwing
 - Level 5.0 Dodging
 - Level 11.9 Stealth
 - Level 2.0(3.1) Shields
 - Level 2.1 Spellcasting
 - Level 12.0 Hexes
 - Level 5.0 Evocations


You had 2 spell levels left.
You knew the following spells:

 Your Spells              Type           Power        Failure   Level
a - Corona                Hex            46%          1%          1
b - Ensorcelled Hibernat  Hex/Ice        44%          3%          2
c - Confusing Touch       Hex            42%          1%          3
d - Tukima's Dance        Hex            42%          1%          3
e - Dazzling Flash        Conj/Hex       44%          6%          3

Your spell library contained the following spells:

 Spells                   Type           Power        Failure   Level


Dungeon Overview and Level Annotations

Branches:
Dungeon (8/15)             Temple (0/1) D:4          Bailey (1/1)
   Lair: D:8-11

Altars:
Ashenzari
Cheibriados
Dithmenos
Elyvilon
Fedhas
Hepliaklqana
Kikubaaqudgha
Makhleb
Qazlal
Sif Muna
Vehumet
Yredelemnul
The Shining One

Shops:
D:5 !:*:


Innate Abilities, Weirdness & Mutations

You are small and have problems with some larger weapons.
You are completely attuned to the shadows.


Message History

Aiming: Tukima's Dance (safe; 1% risk of failure)
Press: ? - help, Shift-Dir - straight line, f - orc warrior
Aim: an orc warrior, wielding a +0 halberd and wearing a +0 chain mail (moderately wounded, strong, very poisoned, chance to affect: 78%)
The +0 halberd dances into the air!
The orc warrior completely misses you. You block the orc knight's attack.
Casting: Tukima's Dance (safe; 1% risk of failure)
Confirm with . or Enter, or press ? or * to list all spells.
Aiming: Tukima's Dance (safe; 1% risk of failure)
Press: ? - help, Shift-Dir - straight line, f - orc warrior, p - orc warrior
Aim: an orc warrior, wielding a +0 spear and wearing a +0 ring mail (lightly wounded, strong, chance to affect: 78%)
The orc warrior barely resists.
The orc warrior splashes around in the water.
The orc warrior completely misses you. You block the orc knight's attack.
Casting: Tukima's Dance (safe; 1% risk of failure)
Confirm with . or Enter, or press ? or * to list all spells.
Aiming: Tukima's Dance (safe; 1% risk of failure)
Press: ? - help, Shift-Dir - straight line, f - orc knight, p - orc warrior
Aim: an orc knight, wielding a +0 trident and wearing a +0 plate armour (chance to affect: 62%)
The +0 trident dances into the air!
The orc warrior hits you!!
You die...

≈≈≈≈≈≈≈##≈≈#'#'#≈≈##≈≈≈≈≈≈≈≈.....
≈≈≈≈≈≈≈#≈≈##)#)##≈≈#≈≈≈≈≈≈≈≈.....
≈≈≈≈o≈##≈#########≈##≈≈≈≈≈≈≈.....
≈≈≈≈≈≈##≈')#:.:#)'≈##≈)≈≈≈≈≈.....
≈≈≈≈≈≈##o###.8.###≈##≈≈≈≈≈≈≈.....
≈≈≈≈≈≈##≈')#ooo#)'≈##≈≈≈≈≈≈≈..o..
≈≈≈≈≈≈##≈####'####o##≈≈≈≈≈≈).....
≈≈≈≈≈≈##≈≈##∩.∩##≈≈#≈≈≈≈≈≈≈≈.....
≈≈≈≈≈≈≈≈≈≈##'''#@≈##≈≈≈≈≈≈≈≈.....
≈≈≈≈)≈≈≈≈≈##≈≈(oo##o≈≈≈≈≈≈≈≈.....
≈≈≈≈≈≈≈≈≈≈##≈≈≈≈##≈≈≈≈≈≈≈≈≈≈.....
≈#.#≈≈≈≈≈≈#######≈≈≈≈≈≈#.#≈≈.....
##.∩#≈≈≈≈≈≈≈≈o≈≈≈≈≈≈≈≈#∩.##≈.....
..^..≈≈≈≈≈≈≈≈≈≈≈≈≈≈≈≈≈. ^..≈.....
##.##≈≈≈≈≈≈≈≈≈≈≈≈≈≈≈≈≈##o##≈.)...
≈#.#≈≈≈≈≈≈≈≈≈≈≈≈≈≈≈≈≈≈≈#o#≈≈.....
≈≈≈≈≈≈≈≈≈≈≈≈≈≈≈)≈≈≈≈≈≈≈≈≈≈≈≈.....


You could see an orc knight, 2 orc warriors and a friendly +0 halberd.

Vanquished Creatures
  Pikel (D:7)
  A hornet (D:7)
  3 wraiths (D:7)
  Menkaure (D:7)
  9 orc warriors
  2 ice beasts (D:5)
  A sky beast (D:5)
  2 phantoms
  A necrophage (D:7)
  3 ogres
  2 centaurs
  6 bullfrogs
  2 scorpions
  A howler monkey (D:4)
  3 human zombies (D:7)
  2 jellies (D:5)
  A bullfrog zombie (D:5)
  8 orc priests
  Crazy Yiuf (D:2)
  4 hounds
  7 orc wizards
  Terence (D:2)
  3 worker ants
  An ogre zombie (D:7)
  3 mummies (D:7)
  3 howler monkey skeletons (D:7)
  10 adders
  A white imp (D:6)
  An ufetubus (D:5)
  An ooze (D:1)
  2 adder skeletons (D:4)
  An adder zombie (D:5)
  3 worms
  3 dart slugs
  7 leopard geckos
  46 orcs
  3 ball pythons
  12 bats
  4 giant cockroaches
  5 goblins
  5 hobgoblins
  9 jackals
  A quokka (D:7)
  A frilled lizard (D:1)
  9 kobolds
  A leopard gecko zombie (D:7)
  An orc zombie (D:7)
  11 rats
209 creatures vanquished.

Vanquished Creatures (others)
  A kraken (D:1)
  2 gargoyles (D:1)
  An ogre (D:1)
  2 centaurs (D:1)
  5 fungi (D:2)
  2 plants (D:2)
  8 tentacles (D:1)
21 creatures vanquished.

Grand Total: 230 creatures vanquished

Notes
Turn   | Place    | Note
-------+----------+-------------------------------------------
     0 | D:1      | hatsuma the Kobold Enchanter began the quest for the Orb.
     0 | D:1      | Reached XP level 1. HP: 10/10 MP: 3/3
     0 | D:1      | Noticed a minotaur
     0 | D:1      | Noticed a centaur
     0 | D:1      | Noticed an ogre
     0 | D:1      | Noticed a dwarf
     0 | D:1      | Noticed a ghoul
     1 | D:1      | Noticed an elf
     1 | D:1      | Noticed a kraken
     1 | D:1      | Noticed a gargoyle
     1 | D:1      | Noticed a gargoyle
     3 | D:1      | Noticed a gargoyle
     4 | D:1      | Noticed a human
     4 | D:1      | Noticed a centaur
     6 | D:1      | Killed a gargoyle
     7 | D:1      | Killed a gargoyle
     8 | D:1      | Killed a centaur
     9 | D:1      | Killed a centaur
    10 | D:1      | Killed an ogre
    16 | D:1      | Killed a kraken
   160 | D:1      | Reached XP level 2. HP: 15/15 MP: 5/5
   671 | D:1      | Reached skill level 5 in Stealth
  1028 | D:1      | Reached XP level 3. HP: 19/19 MP: 6/6
  1197 | D:2      | Learned a level 2 spell: Ensorcelled Hibernation
  1201 | D:2      | Learned a level 3 spell: Confusing Touch
  1217 | D:2      | Found a broken altar of Ashenzari.
  1222 | D:2      | Became a worshipper of Ashenzari the Shackled
  1245 | D:2      | Found a glowing golden altar of the Shining One.
  1495 | D:2      | Noticed Terence
  1532 | D:2      | Found a burning altar of Makhleb.
  1556 | D:2      | Reached XP level 4. HP: 4/24 MP: 1/7
  1885 | D:2      | Found a runed translucent door.
  1888 | D:2      | Noticed Crazy Yiuf
  2251 | D:2      | Reached skill level 1 in Fighting
  2347 | D:2      | Found a white marble altar of Elyvilon.
  2347 | D:2      | Found a shimmering blue altar of Sif Muna.
  2349 | D:2      | Found a radiant altar of Vehumet.
  2413 | D:2      | Found a hazy altar of Hepliaklqana.
  2542 | D:2      | Killed Terence
  2543 | D:2      | Reached XP level 5. HP: 23/31 MP: 8/8
  2754 | D:2      | Killed Crazy Yiuf
  2836 | D:3      | Reached skill level 1 in Throwing
  2980 | D:3      | Reached XP level 6. HP: 36/36 MP: 9/9
  2981 | D:3      | Reached XP level 7. HP: 40/40 MP: 10/10
  2982 | D:3      | Reached XP level 8. HP: 45/45 MP: 11/11
  2987 | D:3      | Learned a level 3 spell: Tukima's Dance
  3656 | D:3      | Found a stormy altar of Qazlal.
  3862 | D:4      | Reached * piety under Ashenzari
  4246 | D:4      | Found a staircase to the Ecumenical Temple.
  4405 | D:4      | Reached XP level 9. HP: 49/49 MP: 12/12
  4902 | D:4      | Learned a level 3 spell: Dazzling Flash
  4909 | D:5      | Entered Level 5 of the Dungeon
  4944 | D:5      | Found Pymn's Book Shoppe.
  5073 | D:5      | Found a snail-covered altar of Cheibriados.
  5480 | D:5      | Found Tatogub's Assorted Antiques.
  5597 | D:5      | Found Roohoror's Book Shoppe.
  5686 | D:5      | Found Ebbure's Distillery.
  6508 | D:6      | Reached ** piety under Ashenzari
  6650 | D:6      | Found a blossoming altar of Fedhas.
  6723 | D:6      | Reached XP level 10. HP: 54/56 MP: 13/13
  6748 | D:6      | Reached skill level 1 in Shields
  7622 | D:7      | Found an ancient bone altar of Kikubaaqudgha.
  7671 | D:7      | Noticed Menkaure
  7675 | D:7      | Killed Menkaure
  7676 | D:7      | Reached skill level 1 in Evocations
  7714 | D:7      | Found a shadowy altar of Dithmenos.
  8080 | D:7      | Noticed Pikel
  8091 | D:7      | Killed Pikel
  8194 | D:7      | Found a basalt altar of Yredelemnul.
  8460 | D:8      | Found a flagged portal.
  8489 | D:8      | Reached skill level 5 in Dodging
  8492 | Bailey   | Entered a bailey
  9082 | Bailey   | Reached skill level 5 in Evocations
  9082 | Bailey   | Reached XP level 11. HP: 35/61 MP: 14/14
  9645 | Bailey   | Noticed an orc knight
  9803 | Bailey   | Slain by an orc warrior

Illustrated notes

Levels and vault maps discovered:
D:1:      nicolae_arrival_kraken_aquarium_a, layout_basic
D:2:      minmay_kobold_bridge, layout_basic, makhleb_heckhound_becter,
          lemuel_round_altar, nicolae_overflow_crystal_walls, ashenzari_altar_1,
          gammafunk_temple_overflow_forgotten, uniq_crazy_yiuf_cottage,
          uniq_terence
D:3:      layout_loops_ring, nicolae_overflow_hidden_temple
D:4:      layout_loops_corners, temple_hall
D:5:      minmay_diamond_boxcup, layout_loops_ring, general_overflow_altar,
          serial_shops, shop, nicolae_shop_behind_doors, kennysheep_mini, shop
D:6:      layout_basic, kennysheep_little_box, st_stairs_7
D:7:      layout_basic, kiku_gazebo_pond_becter, old_standard_altar,
          lemuel_mausoleum_altar_yredelemnul, st_stairs_6, uniq_menkaure,
          uniq_pikel
D:8:      layout_rooms, enter_bailey_1
Bailey:   bailey_polearm_2, bailey

Skill      XL: |  1  2  3  4  5  6  7  8  9 10 |
---------------+-------------------------------+-----
Short Blades   | 2 3 4 12 | 12.3
Stealth        | 5 11 | 11.9
Dodging        | 3 4 5 |  5.0
Fighting       | 2 3 4 |  4.6
Throwing       | 1 3 4 |  4.0
Hexes          | 12 | 12.0
Shields        | 2 |  2.0
Evocations     | 5 |  5.0
Spellcasting   | |  2.1

Action                   |  1- 3 |  4- 6 |  7- 9 | 10-12 || total
-------------------------+-------+-------+-------+-------++-------
Melee: Dagger            |    72 |       |       |       ||    72
       Short sword       |    11 |    46 |   167 |   284 ||   508
Throw: Dart              |       |     4 |     3 |     6 ||    13
       Boomerang         |       |       |       |     2 ||     2
 Cast: Corona            |     1 |       |       |       ||     1
       Ensorcelled Hiber |     2 |       |    13 |     2 ||    17
       Tukima's Dance    |       |       |     1 |     4 ||     5
       Confusing Touch   |       |       |     1 |     4 ||     5
       Dazzling Flash    |       |       |     1 |       ||     1
Invok: Curse Item        |       |       |     1 |       ||     1
Evoke: Wand              |       |       |       |     1 ||     1
  Use: Scroll            |       |     2 |     2 |     5 ||     9
       Potion            |       |     2 |     1 |       ||     3
 Stab: Sleeping          |    12 |    13 |    40 |    31 ||    96
       Distracted        |       |       |     2 |     4 ||     6
       Confused          |       |       |     1 |     2 ||     3
       Invisible         |       |       |     1 |       ||     1
Armor: Robe              |     4 |     1 |    12 |     9 ||    26
Dodge: Dodged            |    66 |    28 |    61 |    85 ||   240
Block: Other             |       |       |    13 |       ||    13
       Buckler           |       |       |     5 |    94 ||    99
       Reflection        |       |       |     1 |    18 ||    19

Table legend: (Time is in decaauts)
 A = Elapsed time spent in this place.
 B = Non-inter-level travel time spent in this place.
 C = Inter-level travel time spent in this place.
 D = Time resting spent in this place.
 E = Time spent auto-exploring this place.
 F = Levels seen in this place.
 G = Mean time per level.
                   A        B        C        D        E       F      G
               +--------+--------+--------+--------+--------+-----+--------+
         Total |   9746 |   9256 |    490 |   2361 |    471 |   9 | 1082.9 |
       Dungeon |   8300 |   7810 |    490 |   2069 |    471 |   8 | 1037.5 |
        Bailey |   1445 |   1445 |      0 |    292 |      0 |   1 | 1445.0 |
               +--------+--------+--------+--------+--------+-----+--------+

Top non-repeatable levels by time:
     D:1: 1451 daAuts
  Bailey: 1445 daAuts
     D:2: 1390 daAuts
     D:7: 1308 daAuts
     D:6: 1194 daAuts
     D:4: 1140 daAuts
     D:5: 930 daAuts
     D:3: 857 daAuts
     D:8: 27 daAuts
